 Dungeon Crawl Stone Soup version 0.29.0-15-g675c0067aa (webtiles) character file.

Game seed: 11242562690207910028

527 qw the Cleaver (level 7, -2/60 HPs)
             Began as a Minotaur Berserker on Sept 12, 2022.
             Was a Believer of Trog.
             Slain by Menkaure (15 damage)
             ... on level 5 of the Dungeon.
             The game lasted 00:01:20 (4357 turns).

qw the Cleaver (Minotaur Berserker)                 Turns: 4357, Time: 00:01:21

Health: -2/60      AC: 13    Str: 23    XL:     7   Next: 3%
Magic:  6/6        EV:  7    Int:  4    God:    Trog [**....]
Gold:   199        SH:  0    Dex: 10    Spells: 6/6 levels left

rFire   . . .      SeeInvis .   Y - +0 war axe
rCold   . . .      Faith    .   (no shield)
rNeg    . . .      Spirit   .   d - +0 plate armour
rPois   .          Reflect  .   c - +2 hat
rElec   .          Harm     .   (no cloak)
rCorr   .          Rampage  .   (no gloves)
Will    .....                   (no boots)
Stlth   ..........              (no amulet)
HPRegen 0.20/turn               (no ring)
MPRegen 0.10/turn               (no ring)

@: on berserk cooldown, slowed, very slow
A: horns 2, retaliatory headbutt
a: Renounce Religion, Berserk, Trog's Hand


You were on level 5 of the Dungeon.
You worshipped Trog.
Trog was pleased with you.
You visited 1 branch of the dungeon, and saw 5 of its levels.

You collected 199 gold pieces.


Innate Abilities, Weirdness & Mutations

You have a pair of horns on your head.
You reflexively headbutt those who attack you in melee.


   Skills:
 + Level 4.3 Fighting
 - Level 9.1 Axes
 - Level 3.1 Armour
 - Level 2.1 Dodging


You had 6 spell levels left.
You didn't know any spells.
Your spell library was empty.

Inventory:

Hand Weapons
 l - a +0 flail
 Y - a +0 war axe (weapon)
Missiles
 n - 3 boomerangs (quivered)
Armour
 c - a +2 hat (worn)
 d - a +0 plate armour (worn)
Scrolls
 f - a scroll of identify
Potions
 a - 2 potions of might
 e - a potion of haste
 g - a potion of attraction {unknown}
 i - a potion of curing
 j - a potion of cancellation {unknown}
 k - a potion of resistance

Dungeon Overview and Level Annotations

Branches:
Dungeon (5/15)             Temple (0/1) D:4

Altars:
Elyvilon
Fedhas
Makhleb
Okawaru

Shops:
D:2 [

Annotations:
D:5 Menkaure


Message History

4350 ||| DRINKING potion of heal wounds.
You feel much better.
Your surroundings suddenly seem different.
A wyvern comes into view.
Found 2 poisoned darts.
The wyvern hisses angrily.
Throw: 4 boomerangs
Press: ? - help, Q - select action Shift-Dir - straight line, f - wyvern You throw a boomerang.
The boomerang hits the wyvern.
The wyvern is lightly wounded.
The wyvern completely misses you. The wyvern barely misses you.
Menkaure casts a spell.
Menkaure seems to speed up.
The wyvern bites you but does no damage.
You closely miss the wyvern.
The wyvern is lightly wounded.
The wyvern bites you but does no damage.
The wyvern barely misses you. You furiously retaliate!
You headbutt the wyvern, but do no damage.
You barely miss the wyvern.
The wyvern is lightly wounded.
The wyvern bites you but does no damage.
The wyvern bites you.
Menkaure's ankle releases a plume of dust as he confides, "I'm not really a mummy, you know."
Menkaure casts a spell at you. Pain shoots through your body!
You hit the wyvern. Your headbutt misses the wyvern.
The wyvern is moderately wounded.
The wyvern bites you but does no damage.
The wyvern bites you.
Menkaure calls on the powers of darkness!
Your body is wracked with pain!
The wyvern convulses!
The wyvern bites you.
You slash the wyvern!
You kill the wyvern!
Trog accepts your kill.
Your Axes skill increases to level 9!
You have reached level 7!
You barely miss Menkaure.
Menkaure murmurs in an indecipherable tongue.
Menkaure hits you!
You die...

....# ...# ....
..# ..# ## #.#
#...###%#######
#......@..(....
#...###M#######
# #.# #.# #.# #
#.#
#####.####.#####
[.....M))))....#
##############.#


You could see Menkaure (fast).

Vanquished Creatures
  A wyvern (D:5)
  A necrophage (D:4)
  2 orc priests
  3 jellies (D:3)
  4 gnolls (D:5)
  6 adders
  An ufetubus (D:3)
  5 dart slugs
  3 worms
  10 orcs
  4 ball pythons
  5 bats (D:3)
  15 endoplasms
  2 giant cockroaches (D:1)
  4 goblins
  4 hobgoblins
  2 jackals (D:1)
  3 quokkas
  3 frilled lizards (D:1)
  10 kobolds
  3 rats
91 creatures vanquished.

Vanquished Creatures (others)
  8 fungi (D:3)
  5 toadstools (D:3)
13 creatures vanquished.

Grand Total: 104 creatures vanquished

Notes
Turn   | Place    | Note
-------+----------+-------------------------------------------
     0 | D:1      | qw the Minotaur Berserker began the quest for the Orb.
     0 | D:1      | Reached XP level 1. HP: 19/19 MP: 0/0
     0 | D:1      | 0 ||| qw: Version: 0.1-a-119-g272c26d
     0 | D:1      | 0 ||| qw: Game counter: 11045
     0 | D:1      | 0 ||| qw: Always use a shield: true
     0 | D:1      | 0 ||| qw: Do Orc after D:15 true
     0 | D:1      | 0 ||| qw: Do second Lair branch before Depths: true
     0 | D:1      | 0 ||| qw: Lair rune preference: random
     0 | D:1      | 0 ||| qw: Plans: Normal
     0 | D:1      | 0 ||| PLANNING D:1-11
   131 | D:1      | 131 ||| Stepping ~*~*~tactically~*~*~ (hiding).
   144 | D:1      | Reached skill level 4 in Axes
   245 | D:1      | Reached XP level 2. HP: 21/26 MP: 1/1
   883 | D:1      | Reached skill level 5 in Axes
   944 | D:1      | 944 ||| Stepping ~*~*~tactically~*~*~ (hiding).
   946 | D:1      | 946 ||| Stepping ~*~*~tactically~*~*~ (hiding).
   957 | D:1      | Reached XP level 3. HP: 28/31 MP: 2/2
  1130 | D:1      | 1130 ||| UPGRADING to +2 hat.
  1135 | D:1      | 1135 ||| UPGRADING to +0 ring mail.
  1145 | D:1      | 1145 ||| DROPPING +0 animal skin.
  1146 | D:1      | 1146 ||| UPGRADING to +0 scale mail.
  1156 | D:1      | 1156 ||| DROPPING +0 ring mail.
  1157 | D:1      | 1157 ||| READING scroll labelled LIGIEW UKOTI.
  1158 | D:1      | 1158 ||| READING scroll labelled ONE JUDGHOFE.
  1163 | D:1      | 1163 ||| READING scroll labelled CAYRCH FYOCUVO.
  1302 | D:1      | 1302 ||| READING scroll labelled ZEBLYEFOMO.
  1303 | D:1      | 1303 ||| READING scroll labelled QOCUR JERU.
  1304 | D:1      | 1304 ||| READING scroll labelled XUNOUT TOTSE.
  1518 | D:2      | 1518 ||| Stepping ~*~*~tactically~*~*~ (hiding).
  1722 | D:2      | Found Ducewkas's Antique Armour Boutique.
  1725 | D:2      | 1725 ||| SHOPLISTING buckler (108 gold, have 57).
  1725 | D:2      | 1725 ||| SHOPLISTING pair of gloves (108 gold, have 57).
  1765 | D:2      | Reached ** piety under Trog
  1832 | D:2      | 1832 ||| Stepping ~*~*~tactically~*~*~ (stealth).
  1837 | D:2      | Reached skill level 6 in Axes
  1837 | D:2      | Reached XP level 4. HP: 39/39 MP: 3/3
  2062 | D:2      | 2062 ||| SWAPPING to +0 war axe.
  2063 | D:2      | 2063 ||| DROPPING +1 hand axe.
  2112 | D:2      | 2112 ||| UPGRADING to +0 plate armour.
  2122 | D:2      | 2122 ||| DROPPING +0 scale mail.
  2123 | D:2      | 2123 ||| READING scroll labelled IMULIAG KOCW.
  2124 | D:2      | 2124 ||| READING 2 scrolls labelled QOSI KIV VEB.
  2125 | D:2      | 2125 ||| DRINKING 2 puce potions.
  2253 | D:3      | 2253 ||| DROPPING +0 hand axe of freezing.
  2312 | D:3      | 2312 ||| DROPPING +0 club.
  2339 | D:3      | 2339 ||| INVOKING Berserk.
  2351 | D:3      | 2351 ||| Stepping ~*~*~tactically~*~*~ (stealth).
  2365 | D:3      | Reached skill level 7 in Axes
  2365 | D:3      | Reached XP level 5. HP: 38/45 MP: 4/4
  2368 | D:3      | Reached skill level 3 in Armour
  2371 | D:3      | 2371 ||| FLEEEEING.
  2374 | D:3      | 2374 ||| FLEEEEING.
  2375 | D:3      | 2375 ||| FLEEEEING.
  2376 | D:3      | 2376 ||| FLEEEEING.
  2383 | D:3      | 2383 ||| FLEEEEING.
  2384 | D:3      | 2384 ||| FLEEEEING.
  2385 | D:3      | 2385 ||| FLEEEEING.
  2386 | D:3      | 2386 ||| FLEEEEING.
  2387 | D:3      | 2387 ||| FLEEEEING.
  2388 | D:3      | 2388 ||| FLEEEEING.
  2398 | D:3      | 2398 ||| FLEEEEING.
  2399 | D:3      | 2399 ||| FLEEEEING.
  2400 | D:3      | 2400 ||| FLEEEEING.
  2407 | D:3      | 2407 ||| FLEEEEING.
  2408 | D:3      | 2408 ||| FLEEEEING.
  2416 | D:3      | 2416 ||| FLEEEEING.
  2417 | D:3      | 2417 ||| FLEEEEING.
  2418 | D:3      | 2418 ||| FLEEEEING.
  2419 | D:3      | 2419 ||| FLEEEEING.
  2420 | D:3      | 2420 ||| FLEEEEING.
  2421 | D:3      | 2421 ||| FLEEEEING.
  2422 | D:3      | 2422 ||| FLEEEEING.
  2423 | D:3      | 2423 ||| FLEEEEING.
  2424 | D:3      | 2424 ||| FLEEEEING.
  2425 | D:3      | 2425 ||| FLEEEEING.
  2426 | D:3      | 2426 ||| FLEEEEING.
  2427 | D:3      | 2427 ||| FLEEEEING.
  2428 | D:3      | 2428 ||| FLEEEEING.
  2429 | D:3      | 2429 ||| FLEEEEING.
  2430 | D:3      | 2430 ||| FLEEEEING.
  2431 | D:3      | 2431 ||| FLEEEEING.
  2432 | D:3      | 2432 ||| FLEEEEING.
  2433 | D:3      | 2433 ||| FLEEEEING.
  2434 | D:3      | 2434 ||| FLEEEEING.
  2437 | D:3      | 2437 ||| STAIRDANCE
  2532 | D:2      | 2532 ||| READING 2 scrolls of identify.
  2532 | D:2      | 2532 ||| IDENTIFYING murky ruby potion
  2533 | D:2      | 2533 ||| DROPPING potion of magic.
  2702 | D:3      | 2702 ||| Stepping ~*~*~tactically~*~*~ (hiding).
  2705 | D:3      | 2705 ||| Stepping ~*~*~tactically~*~*~ (hiding).
  2708 | D:3      | 2708 ||| INVOKING Berserk.
  2907 | D:3      | 2907 ||| Stepping ~*~*~tactically~*~*~ (stealth).
  2908 | D:3      | 2908 ||| Stepping ~*~*~tactically~*~*~ (stealth).
  2941 | D:3      | Found a burning altar of Makhleb.
  2958 | D:3      | Found an iron altar of Okawaru.
  2970 | D:3      | Found a white marble altar of Elyvilon.
  2982 | D:3      | Found a blossoming altar of Fedhas.
  3116 | D:3      | 3116 ||| DROPPING +0 whip.
  3293 | D:3      | 3293 ||| Stepping ~*~*~tactically~*~*~ (hiding).
  3295 | D:3      | 3295 ||| Stepping ~*~*~tactically~*~*~ (hiding).
  3508 | D:3      | 3508 ||| DRINKING 2 brown potions.
  3509 | D:3      | 3509 ||| READING 2 scrolls of identify.
  3509 | D:3      | 3509 ||| IDENTIFYING white potion
  3563 | D:4      | 3563 ||| STAIRDANCE
  3574 | D:4      | Reached XP level 6. HP: 43/53 MP: 5/5
  3574 | D:4      | 3574 ||| STAIRDANCE
  3664 | D:4      | Found a staircase to the Ecumenical Temple.
  3861 | D:4      | 3861 ||| Stepping ~*~*~tactically~*~*~ (hiding).
  3872 | D:4      | 3872 ||| INVOKING Berserk.
  3876 | D:4      | Reached skill level 8 in Axes
  3991 | D:4      | 3991 ||| DROPPING +0 whip of venom.
  4273 | D:4      | 4273 ||| DRINKING 2 black potions.
  4274 | D:4      | 4274 ||| READING 2 scrolls of identify.
  4274 | D:4      | 4274 ||| IDENTIFYING murky pink potion
  4297 | D:5      | Entered Level 5 of the Dungeon
  4336 | D:5      | 4336 ||| INVOKING Berserk.
  4345 | D:5      | Noticed Menkaure
  4348 | D:5      | HP: 12/53 [Menkaure (11)]
  4349 | D:5      | 4349 ||| READING scroll of teleportation.
  4350 | D:5      | 4350 ||| DRINKING potion of heal wounds.
  4350 | D:5      | Noticed a wyvern
  4355 | D:5      | HP: 13/53 [??? (10)]
  4356 | D:5      | Killed a wyvern
  4357 | D:5      | Reached skill level 9 in Axes
  4357 | D:5      | Reached XP level 7. HP: 13/60 MP: 6/6
  4357 | D:5      | Slain by Menkaure

Levels and vault maps discovered:
D:1:      scummos_arrival_simple_fountains, layout_basic,
          chequers_serial_rivers_small_3
D:2:      layout_loops_ring, serial_shops, nicolae_shop_behind_doors
D:3:      cheibrodos_fertilizer, layout_loops_corners,
          nicolae_overflow_quartered_altars
D:4:      layout_rooms, minmay_temple_entry_antechambers
D:5:      layout_loops_ring, uniq_menkaure

Skill      XL: |  1  2  3  4  5  6 |
---------------+-------------------+-----
Axes           | 4 5 6 7 9 |  9.1
Armour         | 3 |  3.1
Fighting       | 4 |  4.3
Dodging        | |  2.1

Action                   |  1- 3 |  4- 6 |  7- 9 || total
-------------------------+-------+-------+-------++-------
Melee: Hand axe          |    85 |       |       ||    85
       Punch             |     1 |     1 |       ||     2
       Headbutt          |     4 |    17 |       ||    21
       War axe           |       |    94 |     1 ||    95
Throw: Boomerang         |    11 |    42 |       ||    53
Invok: Berserk           |       |     4 |       ||     4
  Use: Scroll            |     6 |     6 |       ||    12
       Potion            |       |     4 |       ||     4
Armor: Animal skin       |    10 |       |       ||    10
       Scale mail        |    12 |       |       ||    12
       Plate armour      |       |    46 |       ||    46
Dodge: Dodged            |    40 |    30 |       ||    70

Table legend:
 A = Non-vault XP
 B = Vault XP
 C = Vault XP percentage of total XP
 D = Non-vault monster count
 E = Vault monster count
 F = Vault count percentage of total count
                 A         B        C        D         E       F
            +---------+---------+-------+---------+---------+-------
      Total |     600 |     154 |  20.4 |      74 |      17 |  18.7
            +---------+---------+-------+---------+---------+-------
        D:1 |      43 |       0 |   0.0 |      21 |       0 |   0.0
        D:2 |      55 |       0 |   0.0 |      10 |       0 |   0.0
        D:3 |     120 |     154 |  56.2 |      23 |      17 |  42.5
        D:4 |     170 |       0 |   0.0 |      15 |       0 |   0.0
        D:5 |     212 |       0 |   0.0 |       5 |       0 |   0.0
            +---------+---------+-------+---------+---------+-------
